 Dungeon Crawl Stone Soup version 0.30-a0-782-ge64f9170bb (console) character file.

Game seed: 2641320796453781472

14345 rlgrobin the Thaumaturge (level 11, 0/77 HPs)
             Began as a Mummy Conjurer on Feb 18, 2023.
             Was an Elder of Sif Muna.
             Slain by a centaur warrior (4 damage)
             ... in a volcano on Feb 19, 2023.
             The game lasted 00:42:19 (15984 turns).

rlgrobin the Thaumaturge (Mummy Conjurer)          Turns: 15984, Time: 00:42:20

Health: 0/77       AC: 11    Str: 10    XL:     11   Next: 87%
Magic:  27/27      EV: 12    Int: 22    God:    Sif Muna [****..]
Gold:   88         SH:  3    Dex: 11    Spells: 18/34 levels left

rFire   + . .      SeeInvis .    a - +2 hand axe (elec)
rCold   . . .      Faith    +    w - +0 buckler
rNeg    + + +      Spirit   .    B - +0 steam dragon scales
rPois   ∞          Reflect  .    (no helmet)
rElec   .          Harm     .    x - +0 cloak
rCorr   .          Rampage  .    p - +2 pair of gloves
Will    +....                    j - +1 pair of boots
Stlth   ++                       (no amulet)
HPRegen 0.32/turn                i - ring of protection from fire
MPRegen 0.20/turn                F - ring of fire

@: studying Summonings
A: cold resistance 1, negative energy resistance 3, torment resistance 2, heat
vulnerability 1, in touch with death 1, no potions, faith
a: Renounce Religion, Channel Magic, Forget Spell, Divine Exegesis


You were in a volcano.
You worshipped Sif Muna.
Sif Muna was greatly pleased with you.
You visited 3 branches of the dungeon, and saw 13 of its levels.
You also visited: Ossuary and Volcano.

You collected 658 gold pieces.
You spent 570 gold pieces at shops.

Inventory:

Hand Weapons
 a - a +2 hand axe of electrocution (weapon)
Missiles
 b - 3 silver javelins
 h - 4 throwing nets
 l - a curare-tipped dart (quivered)
Armour
 j - a +1 pair of boots (worn)
 p - a +2 pair of gloves (worn)
 w - a +0 buckler (worn)
 x - a +0 cloak (worn)
 B - +0 steam dragon scales (worn)
 H - a scarf of invisibility
Magical Staves
 f - a staff of cold
Jewellery
 i - a ring of protection from fire (left hand)
 k - a ring of willpower
 m - a +6 ring of dexterity
 q - a +4 ring of protection
 s - a ring of ice
 u - a ring of wizardry
 E - a ring of flight
 F - a ring of fire (right hand)
Wands
 c - a wand of charming (3)
 d - a wand of roots (1)
 v - a wand of digging (4)
 C - a wand of flame (19)
Scrolls
 e - 2 scrolls of teleportation
 g - 2 scrolls of brand weapon
 n - 2 scrolls of amnesia
 o - 3 scrolls of fog
 r - 3 scrolls of enchant weapon
 t - 2 scrolls of blinking
 y - 2 scrolls of enchant armour
 z - a scroll of summoning
 A - a scroll of vulnerability
 D - a scroll of fear
 G - 2 scrolls of identify


   Skills:
 - Level 4.0 Fighting
 - Level 4.0 Dodging
 - Level 1.5 Stealth
 - Level 1.1 Shields
 - Level 12.4 Spellcasting
 - Level 10.7 Conjurations
 + Level 5.9 Hexes
 + Level 5.3 Summonings
 - Level 4.0 Invocations


You had 18 spell levels left.
You knew the following spells:

 Your Spells              Type           Power      Damage    Failure   Level
a - Magic Dart            Conj           100%       1d8       1%          1
b - Searing Ray           Conj           100%       2d8       1%          2
c - Fulminant Prism       Conj/Hex       25%        3d14      1%          4
d - Iskenderun's Mystic   Conj/Tloc      37%        2d9       7%          4
e - Summon Mana Viper     Hex/Summ       38%        N/A       17%         5

Your spell library contained the following spells:

 Spells                   Type           Power      Damage    Failure   Level
 Dazzling Flash           Conj/Hex       100%       N/A       1%          3
 Lesser Beckoning         Tloc           26%        N/A       10%         2
 Gell's Gravitas          Tloc           13%        N/A       19%         3
 Teleport Other           Tloc           13%        N/A       19%         3
 Vhi's Electric Charge    Tloc/Air       26%        N/A       19%         3
 Arcjolt                  Conj/Air       18%        1d28      19%         5
 Summon Ice Beast         Ice/Summ       25%        N/A       21%         4
 Monstrous Menagerie      Summ           18%        N/A       99%         7
 Maxwell's Capacitive Co  Air            6%         ∞         100%        8


Dungeon Overview and Level Annotations

Branches:
Dungeon (11/15)            Temple (1/1) D:7            Lair (1/5) D:10
    Orc (0/2) D:9         Ossuary (visited)         Volcano (1/1)

Altars:
Ashenzari
Cheibriados
Dithmenos
Fedhas
Gozag
Hepliaklqana
Kikubaaqudgha
Makhleb
Nemelex Xobeh
Okawaru
Qazlal
Ru
Sif Muna
Trog
Vehumet
Wu Jian
Xom
Yredelemnul

Shops:
D:3 (   D:6 (   D:9 :

Portals:
Abyss: Lair:1

Annotations:
D:2 Sigmund
D:7 1 runed translucent door, Crazy Yiuf
D:9 Harold
Lair:1 bmj180's ghost, journeyman GrEE


Innate Abilities, Weirdness & Mutations

You are immune to poison.
Your flesh is cold resistant. (rC+)
You are immune to negative energy. (rN+++)
You are immune to unholy pain and torment.
You are vulnerable to heat. (rF-)
You are in touch with the powers of death.
You do not drink.
You have a special connection with the divine. (Faith)


Message History

Aim: a yaktaur (lightly wounded, chance to affect: 31%)
The yaktaur easily resists.
Aiming: Charm
Press: ? - help, Shift-Dir - straight line, f/p - yaktaur
Aim: a yaktaur (lightly wounded, chance to affect: 31%)
The yaktaur easily resists.
The yaktaur barely misses you.
Aiming: Charm
Press: ? - help, Shift-Dir - straight line, f/p - yaktaur
Aim: a yaktaur (chance to affect: 31%)
The yaktaur is charmed.
The centaur warrior unwields a +1 shortbow of flaming.
It stops flaming.
The centaur warrior hits your yaktaur! The centaur warrior kicks your yaktaur.
Your yaktaur hits the centaur warrior!
The centaur warrior wields a +1 shortbow of flaming.
It bursts into flame!
The centaur warrior shoots an arrow.
The arrow hits your yaktaur! The arrow burns your yaktaur.
Your yaktaur barely misses the centaur warrior.
The centaur warrior shoots an arrow.
The arrow hits your yaktaur! The arrow burns your yaktaur.
Your yaktaur dies!
The centaur warrior unwields a +1 shortbow of flaming.
It stops flaming.
The centaur warrior hits you!
* * * LOW HITPOINT WARNING * * *
The centaur warrior kicks you but does no damage.
There is an open door, spattered with blood here.
Things that are here:
a +2 arbalest of flaming; a +2 arbalest of flaming
Aiming: Charm
Press: ? - help, Shift-Dir - straight line, f - centaur warrior
Aim: a centaur warrior (moderately wounded, chance to affect: 31%)
The centaur warrior easily resists.
The centaur warrior hits you!
* * * LOW HITPOINT WARNING * * *
The centaur warrior closely misses you. The centaur warrior hits you.
* * * LOW HITPOINT WARNING * * *
You block the centaur warrior's attack.
Aiming: Charm
Press: ? - help, Shift-Dir - straight line, f/p - centaur warrior
Aim: a centaur warrior (moderately wounded, chance to affect: 31%)
The centaur warrior easily resists.
The centaur warrior hits you.
You die...

##.....###8.8#
##...## ##.##
##..# #.# ####
##'## ##.).##
#.....#
#..∩..#
#.....#
###@### #.c.#
.......
###8_8###
#...# #####


You could see a centaur warrior.

Vanquished Creatures
  Erolcha (D:11)
  2 boulder beetles (D:11)
  An ugly thing (D:11)
  Maurice (D:11)
  2 kobold demonologists (D:8)
  2 rime drakes (Lair:1)
  2 unseen horrors
  Psyche (D:8)
  A yaktaur (Volcano)
  2 trolls (D:10)
  5 blink frogs
  A shadow (D:11)
  4 wyverns
  7 fire bats (Volcano)
  A wraith (D:9)
  13 yaks
  2 steam dragons
  A basilisk (D:10)
  An acid dragon (D:9)
  4 water moccasins
  2 orc warriors (D:9)
  A sky beast (D:8)
  4 ice beasts
  2 ogres
  A centaur (D:9)
  An elf zombie (Ossuary)
  A phantom (D:7)
  5 kobold brigands
  4 scorpions
  2 necrophages
  5 wights (D:8)
  9 killer bees
  3 howler monkeys
  2 electric eels
  2 centaur zombies (Ossuary)
  8 lava snakes (Volcano)
  A gnoll bouda (D:8)
  4 hounds
  2 jellies
  An orc priest (D:1)
  6 iguanas
  2 orc wizards
  A hound zombie (Ossuary)
  3 mummies (Ossuary)
  8 gnolls
  6 adders
  2 white imps (D:8)
  An ufetubus (D:4)
  4 adder zombies (Ossuary)
  2 worms
  3 dart slugs
  34 orcs
  3 endoplasms
  6 giant cockroaches
  A gnoll zombie (Ossuary)
  5 hobgoblins
  21 kobolds
  3 quokkas (D:5)
  7 ball pythons
  4 bats (D:1)
  5 frilled lizards
  11 goblins
  8 goblin zombies (Ossuary)
  2 hobgoblin zombies (Ossuary)
  2 jackal zombies (Ossuary)
  2 kobold zombies (Ossuary)
  2 orc zombies (Ossuary)
  4 quokka zombies (Ossuary)
  A rat (D:3)
  6 rat zombies (Ossuary)
  A fulminant prism (D:11)
280 creatures vanquished.

Vanquished Creatures (others)
  2 yaktaurs (Volcano)
  A bush (D:10)
  15 fulminant prisms
  5 fungi
  20 plants (D:10)
43 creatures vanquished.

Grand Total: 323 creatures vanquished

Notes
Turn   | Place    | Note
-------+----------+-------------------------------------------
     0 | D:1      | rlgrobin the Mummy Conjurer began the quest for the Orb.
     0 | D:1      | Reached XP level 1. HP: 13/13 MP: 4/4
   194 | D:1      | Reached skill level 3 in Spellcasting
   359 | D:1      | Reached XP level 2. HP: 19/19 MP: 4/6
  1223 | D:1      | Learned a level 2 spell: Searing Ray
  1398 | D:2      | Gained mutation: You are in touch with the powers of death.
                  | [Mummy growth]
  1398 | D:2      | Reached XP level 3. HP: 20/24 MP: 2/8
  1494 | D:1      | Reached skill level 4 in Spellcasting
  1745 | D:2      | Found a faded altar of an unknown god.
  1780 | D:2      | Reached XP level 4. HP: 30/30 MP: 2/10
  2110 | D:2      | Noticed Sigmund
  2380 | D:3      | Found Quthanant's Weapon Shop.
  2393 | D:3      | Reached XP level 5. HP: 35/35 MP: 8/12
  2482 | D:3      | Reached skill level 5 in Spellcasting
  3119 | D:4      | Found a sand-covered staircase.
  3125 | Ossuary  | Entered an ossuary
  3636 | Ossuary  | Reached XP level 6. HP: 33/41 MP: 5/14
  3663 | Ossuary  | Reached skill level 6 in Spellcasting
  3663 | Ossuary  | Reached skill level 5 in Conjurations
  4031 | D:4      | Learned a level 4 spell: Fulminant Prism
  4277 | D:4      | Found a sparkling altar of Nemelex Xobeh.
  4277 | D:4      | Found a basalt altar of Yredelemnul.
  4651 | D:4      | Reached skill level 1 in Hexes
  4651 | D:4      | Reached XP level 7. HP: 46/46 MP: 10/17
  4759 | D:4      | Found a broken altar of Ashenzari.
  4881 | D:5      | Entered Level 5 of the Dungeon
  4894 | D:5      | Reached skill level 7 in Spellcasting
  5599 | D:5      | Reached skill level 8 in Spellcasting
  5837 | D:5      | Reached XP level 8. HP: 52/52 MP: 6/20
  6047 | D:5      | Noticed a troll
  6977 | D:6      | Reached skill level 9 in Spellcasting
  7032 | D:6      | Found Siach's Weapon Boutique.
  7571 | D:7      | Found a staircase to the Ecumenical Temple.
  7580 | Temple   | Entered the Ecumenical Temple
  7580 | Temple   | Found a transporter.
  7580 | Temple   | Found a transporter.
  7582 | Temple   | Found a transporter.
  7582 | Temple   | Found a transporter.
  7620 | Temple   | Became a worshipper of Sif Muna the Loreminder
  8147 | D:7      | Reached skill level 10 in Spellcasting
  8543 | D:7      | Found a runed translucent door.
  8544 | D:7      | Noticed Crazy Yiuf
  8928 | D:8      | Reached XP level 9. HP: 57/57 MP: 12/23
  9210 | D:8      | Reached * piety under Sif Muna
  9214 | D:8      | Reached skill level 11 in Spellcasting
  9641 | D:8      | Noticed Psyche
  9823 | D:8      | Noticed a kobold demonologist
  9823 | D:8      | Noticed a kobold demonologist
  9833 | D:8      | Noticed a red devil
  9837 | D:8      | Killed a kobold demonologist
  9838 | D:8      | Reached skill level 12 in Spellcasting
  9839 | D:8      | Killed a kobold demonologist
  9859 | D:8      | Reached XP level 10. HP: 38/63 MP: 9/26
 10427 | D:9      | Reached ** piety under Sif Muna
 10435 | D:9      | Found a staircase to the Orcish Mines.
 10806 | D:9      | Noticed Harold
 11608 | D:9      | Found Ogafuoqa's Book Shop.
 11898 | D:10     | Entered Level 10 of the Dungeon
 12226 | D:8      | Killed Psyche
 12227 | D:8      | Reached skill level 1 in Fighting
 12929 | D:10     | Learned a level 4 spell: Iskenderun's Mystic Blast
 13075 | D:10     | Found a staircase to the Lair.
 13090 | D:10     | Reached skill level 10 in Conjurations
 13090 | D:10     | Reached XP level 11. HP: 77/77 MP: 19/27
 13098 | D:10     | Reached *** piety under Sif Muna
 13099 | D:10     | Reached skill level 1 in Invocations
 13483 | D:11     | Noticed Erolcha
 13499 | D:11     | Killed Erolcha
 13520 | D:11     | Noticed a boulder beetle
 13567 | D:11     | Killed a boulder beetle
 13740 | D:11     | Noticed a boulder beetle
 13759 | D:11     | Killed a boulder beetle
 13977 | D:11     | Noticed a cyan ugly thing
 13993 | D:11     | Killed a cyan ugly thing
 14197 | D:11     | Noticed a catoblepas
 14296 | D:11     | Noticed Maurice
 14323 | D:11     | Killed Maurice
 14591 | D:11     | Reached skill level 1 in Shields
 14948 | D:9      | Bought a book of Beasts for 570 gold pieces
 14954 | D:9      | Learned a level 5 spell: Summon Mana Viper
 15028 | Lair:1   | Entered Level 1 of the Lair of Beasts
 15037 | Lair:1   | Noticed a catoblepas
 15056 | Lair:1   | Reached skill level 1 in Summonings
 15195 | Lair:1   | Noticed a death yak
 15196 | Lair:1   | Noticed a death yak
 15197 | Lair:1   | Noticed a death yak
 15197 | Lair:1   | Noticed a death yak
 15199 | Lair:1   | Noticed a death yak
 15202 | Lair:1   | Found a one-way gate to the infinite horrors of the Abyss.
 15202 | Lair:1   | Noticed bmj180's ghost (journeyman GrEE)
 15208 | Lair:1   | Reached skill level 5 in Hexes
 15399 | Lair:1   | Found a dark tunnel.
 15406 | Volcano  | Entered a volcano
 15793 | Volcano  | Reached skill level 5 in Summonings
 15815 | Volcano  | Reached **** piety under Sif Muna
 15969 | Volcano  | Found a burning altar of Makhleb.
 15969 | Volcano  | Noticed a centaur warrior
 15984 | Volcano  | Slain by a centaur warrior

Illustrated notes

Levels and vault maps discovered:
D:1:      nicolae_arrival_memento_mori, layout_loops_corners
D:2:      layout_rooms, ebering_ecumenical_altar_sacrificial, uniq_sigmund,
          uniq_jessica
D:3:      layout_loops_cross, serial_shops,
          nicolae_shop_temple_entry_statues_fountains
D:4:      minmay_door_path, layout_rooms, cheibrodos_ashenzari_chains,
          chequers_temple_overflow_statue_of_worship, serial_corexii_hall,
          corexii_hall_statues_t, corexii_hall_statues_l,
          nicolae_ossuary_entry_plus, reono_crystal_passage
D:5:      wad_river_or_something, layout_loops_corners, lightli_corner_chamber
D:6:      layout_basic, serial_shops, nicolae_shop_bloodbath_and_beyond,
          grunt_ministairs_15, kennysheep_cross_bottleneck
D:7:      layout_cave_pods, minmay_temple_entry_poolview, dk_noncrumbling_3,
          kennysheep_potato, uniq_crazy_yiuf_cottage
D:8:      layout_gridville, uniq_psyche
D:9:      layout_cave_pools, lemuel_round_altar, nicolae_tso_carved_into_rock,
          orc_0_dummy, serial_shops, kennysheep_mini_moat, hex_large,
          uniq_harold
D:10:     layout_gridville, minmay_lair_entry_grove
D:11:     layout_irregular_city, uniq_maurice, uniq_erolcha
Temple:   hellmonk_temple_divided_pantheon
Lair:1:   layout_layer_cave, gammafunk_ghost_abyssal_escape,
          nicolae_volcano_entry_s_turn, beast_lair_carwin_4
Volcano:  volcano_grotto [vgs_original]

Skill      XL: |  1  2  3  4  5  6  7  8  9 10 11 |
---------------+----------------------------------+-----
Spellcasting   | 3 4 5 6 8 10 12 | 12.4
Conjurations   | 4 5 6 8 10 | 10.7
Hexes          | 1 3 4 5 |  5.9
Dodging        | 4 |  4.0
Fighting       | 4 |  4.0
Invocations    | 4 |  4.0
Shields        | 1 |  1.1
Summonings     | 5 |  5.3
Stealth        | |  1.5

Action                     |  1- 3 |  4- 6 |  7- 9 | 10-12 || total
---------------------------+-------+-------+-------+-------++-------
  Melee: Hand axe          |     2 |     1 |    19 |    19 ||    41
         Trident           |       |   113 |    15 |       ||   128
         Punch             |       |     2 |       |       ||     2
  Throw: Dart              |       |       |       |     5 ||     5
   Cast: Magic Dart        |    55 |   112 |   111 |    90 ||   368
         Searing Ray       |     5 |    13 |    51 |   100 ||   169
         Fulminant Prism   |       |       |     1 |    15 ||    16
  Evoke: Wand              |       |       |     2 |    11 ||    13
    Use: Scroll            |       |       |    15 |     6 ||    21
   Stab: Sleeping          |       |     1 |       |     2 ||     3
 Armour: Robe              |     2 |    42 |    47 |       ||    91
         Steam dragon scal |       |       |    11 |   144 ||   155
  Dodge: Dodged            |     7 |    91 |    76 |   102 ||   276
  Block: Buckler           |       |       |    13 |    34 ||    47

Table legend: (Time is in decaauts)
 A = Elapsed time spent in this place.
 B = Non-inter-level travel time spent in this place.
 C = Inter-level travel time spent in this place.
 D = Time resting spent in this place.
 E = Time spent auto-exploring this place.
 F = Levels seen in this place.
 G = Mean time per level.
                   A        B        C        D        E       F      G
               +--------+--------+--------+--------+--------+-----+--------+
         Total |  16050 |  14865 |   1185 |   4963 |   6732 |  15 | 1070.0 |
       Dungeon |  14298 |  13113 |   1185 |   4284 |   6566 |  11 | 1299.8 |
        Temple |     61 |     61 |      0 |      0 |      1 |   1 |   61.0 |
          Lair |    289 |    289 |      0 |      3 |      0 |   1 |  289.0 |
       Ossuary |    823 |    823 |      0 |    334 |     91 |   1 |  823.0 |
       Volcano |    576 |    576 |      0 |    342 |     74 |   1 |  576.0 |
               +--------+--------+--------+--------+--------+-----+--------+

Top non-repeatable levels by time:
     D:8: 2454 daAuts
     D:5: 1804 daAuts
     D:1: 1667 daAuts
    D:11: 1343 daAuts
     D:9: 1338 daAuts
    D:10: 1290 daAuts
     D:7: 1181 daAuts
     D:4: 990 daAuts
     D:3: 903 daAuts
 Ossuary: 823 daAuts
     D:6: 776 daAuts
 Volcano: 576 daAuts
     D:2: 547 daAuts
  Lair:1: 289 daAuts
  Temple: 61 daAuts
